 Dungeon Crawl Stone Soup version 0.24.0 (webtiles) character file.

Game seed: 9699521404413571946, levelgen mode: deterministic

130 b5mith the Skirmisher (level 4, -5/45 HPs)
             Began as a Minotaur Berserker on Feb 8, 2020.
             Was a Believer of Trog.
             Killed from afar by Sigmund (8 damage)
             ... with a magic dart
             ... on level 3 of the Dungeon.
             The game lasted 00:03:49 (1754 turns).

b5mith the Skirmisher (Minotaur Berserker)          Turns: 1754, Time: 00:03:49

Health: -5/45      AC:  4    Str: 23    XL:     4   Next: 90%
Magic:  3/3        EV: 12    Int:  4    God:    Trog [**....]
Gold:   161        SH:  0    Dex:  9    Spells: 3/3 levels left

rFire    . . .     SeeInvis .   a - +0 mace
rCold    . . .     Gourm    .   (no shield)
rNeg     . . .     Faith    .   b - +0 animal skin
rPois    .         Spirit   .   (helmet restricted)
rElec    .         Reflect  .   (no cloak)
rCorr    .         Harm     .   k - +1 pair of gloves {archery}
MR       .....                  (no boots)
Stlth    +.........             (no amulet)
HPRegen  0.15/turn              n - ring of wizardry
MPRegen  0.08/turn              (no ring)

@: lightly drained
A: retaliatory headbutt, horns 2
a: Berserk, Trog's Hand, Renounce Religion


You were on level 3 of the Dungeon.
You worshipped Trog.
Trog was pleased with you.
You were not hungry.

You visited 1 branch of the dungeon, and saw 3 of its levels.

You collected 161 gold pieces.

Inventory:

Hand Weapons
 a - a +0 mace (weapon)
 l - a +0 halberd
   (You took it off a gnoll on level 2 of the Dungeon)
Missiles
 i - 8 boomerangs (quivered)
Armour
 b - a +0 animal skin (worn)
 k - a +1 pair of gloves of archery (worn)
   (You found it on level 2 of the Dungeon)
Jewellery
 n - a ring of wizardry (left hand)
   (You found it on level 3 of the Dungeon)
Scrolls
 d - a scroll of random uselessness {unknown}
 e - 2 scrolls of remove curse {unknown}
 f - 2 scrolls of magic mapping {unknown}
 m - a scroll of identify {unknown}
Potions
 g - a potion of magic {unknown}
 h - a potion of might {unknown}
 j - a potion of curing {unknown}
 p - a potion of lignification {unknown}
Comestibles
 c - 8 rations
 o - a chunk of flesh


   Skills:
 + Level 6.8(6.6) Fighting
 - Level 3.6(3.3) Maces & Flails
 - Level 2.4(2.1) Armour
 - Level 2.1(1.9) Dodging


You had 3 spell levels left.
You didn't know any spells.
Your spell library was empty.

Dungeon Overview and Level Annotations

Branches:
Dungeon (3/15)

Altars:

Annotations:
D:3 Sigmund


Innate Abilities, Weirdness & Mutations

You reflexively headbutt those who attack you in melee.
You have a pair of horns on your head.


Message History

No target in view!
p - a grey potion
f - 2 scrolls labeled VIOKHA WOBB (gained 1)
Found 17 stones.
No target in view!
Sigmund the Dreaded comes into view.
He is wielding a +0 scythe.
Sigmund drinks a potion.
Sigmund seems to speed up.
Sigmund screams, "I am the angel of ZOT!!!"
Sigmund gestures at you while chanting.
You are confused.
Sigmund points at you and mumbles some strange words.
You are more confused.
You are too confused!
You are too confused!
You're too confused to move!
Sigmund points at you and mumbles some strange words.
The puff of flame hits you!
Sigmund hits you from afar with a +0 scythe.
Sigmund closely misses you.
You bump into the rock wall.
Sigmund hits you but does no damage.
You're too confused to move!
Sigmund hits you with a +0 scythe.
You bump into the rock wall.
Sigmund closely misses you.
You barely miss Sigmund. Your headbutt misses Sigmund.
Sigmund barely misses you.
You miss Sigmund. You headbutt Sigmund, but do no damage.
Sigmund closely misses you.
You barely miss Sigmund. Sigmund misses you. Sigmund closely misses you.
You bump into the rock wall.
Sigmund hits you with a +0 scythe!
* * * LOW HITPOINT WARNING * * *
You're too confused!
You sock Sigmund!
Sigmund is moderately wounded.
You feel less confused.
Sigmund points at you and mumbles some strange words.
You resist with some effort.
You hit Sigmund.
Sigmund is moderately wounded.
Sigmund misses you. Sigmund barely misses you.
You closely miss Sigmund. You headbutt Sigmund!
Sigmund is severely wounded.
Sigmund barely misses you.
You barely miss Sigmund. You headbutt Sigmund.
Sigmund is severely wounded.
Sigmund hits you with a +0 scythe!
* * * LOW HITPOINT WARNING * * *
You hit Sigmund but do no damage. Your headbutt misses Sigmund.
Sigmund is severely wounded.
Sigmund points at you and mumbles some strange words.
The magic dart hits you!
You die...

### ..# #.# #.# #@# #@#
##.# ###.# ...# #..(#
##.. ####.########## .#..
#.............# .#.#
#.............# .#.# #
#.............#
.#.###^##.#.............#
..........##.............


You could see Sigmund.

Vanquished Creatures
  4 gnolls (D:2)
  2 adders (D:2)
  5 dart slugs
  6 bats
  4 giant cockroaches
  3 goblins
  6 hobgoblins
  12 jackals
  A quokka (D:2)
  2 frilled lizards
  7 kobolds
  10 rats
62 creatures vanquished.

Notes
Turn   | Place    | Note
-------+----------+-------------------------------------------
     0 | D:1      | b5mith the Minotaur Berserker began the quest for the Orb.
     0 | D:1      | Reached XP level 1. HP: 19/19 MP: 0/0
    84 | D:1      | Reached skill level 4 in Fighting
    95 | D:1      | Reached XP level 2. HP: 23/28 MP: 1/1
   257 | D:1      | Reached skill level 5 in Fighting
   345 | D:1      | Reached XP level 3. HP: 17/36 MP: 2/2
   349 | D:1      | Reached ** piety under Trog
   916 | D:2      | Reached XP level 4. HP: 31/44 MP: 3/3
   932 | D:2      | Reached skill level 6 in Fighting
  1737 | D:3      | Noticed Sigmund
  1754 | D:3      | Killed from afar by Sigmund

Levels and vault maps discovered:
D:1:      dpeg_arrival_rooms_c, layout_basic
D:2:      layout_loops_ring
D:3:      layout_basic, lemuel_doored_altar, uniq_sigmund
